 Dungeon Crawl Stone Soup version 0.19.1 (webtiles) character file.

166 Aksej the Chopper (level 5, -1/39 HPs)
             Began as a Demonspawn Gladiator on Dec 12, 2016.
             Killed from afar by Natasha (6 damage)
             ... with a magic dart
             ... on level 3 of the Dungeon.
             The game lasted 00:06:25 (2321 turns).

Aksej the Chopper (Demonspawn Gladiator)            Turns: 2321, Time: 00:06:26

Health: -1/39      AC: 10    Str: 15    XL:     5   Next: 22%
Magic:  5/5        EV:  8    Int:  9    God:
Gold:   139        SH:  0    Dex: 20    Spells: 0 memorised, 4 levels left

rFire  . . .     SeeInvis .     a - +0 war axe
rCold  . . .     Gourm    .     s - +0 chain mail
rNeg   . . .     Faith    .     (no shield)
rPois  .         Spirit   .     c - +0 helmet
rElec  .         Reflect  .     (no cloak)
rCorr  .         Harm     .     (no gloves)
MR     .....                    e - +0 pair of boots
Stlth  +.........               (no amulet)
                                (no ring)
                                g - +5 ring of dexterity

@: slowed, very slow
A: claws 1, nightstalker 2
a: no special abilities


You were on level 3 of the Dungeon.
You were not hungry.

You visited 1 branch of the dungeon, and saw 3 of its levels.

You collected 139 gold pieces.

Inventory:

Hand Weapons
 a - a +0 war axe (weapon)
Missiles
 d - 3 throwing nets (quivered)
 r - 5 tomahawks
Armour
 c - a +0 helmet (worn)
 e - a +0 pair of boots (worn)
 s - a +0 chain mail (worn)
Jewellery
 g - a +5 ring of dexterity (left claw)
Scrolls
 h - 3 scrolls of remove curse
 p - 3 scrolls of identify
Potions
 k - 2 potions of curing
 l - a potion of resistance
 n - 3 potions of brilliance
 o - a potion of flight
 q - 2 potions of mutation {unknown}
Comestibles
 b - a beef jerky
 f - a bread ration
 i - 4 chunks of flesh
 m - a meat ration


   Skills:
 + Level 2.3 Fighting
 * Level 4.7 Axes
 + Level 1.8 Throwing
 + Level 1.1 Armour
 + Level 3.1 Dodging


You had 4 spell levels left.
You didn't know any spells.

Dungeon Overview and Level Annotations

Branches:
Dungeon (3/15)

Altars:
Yredelemnul

Annotations:
D:3 Natasha


Innate Abilities, Weirdness & Mutations

You have sharp fingernails.
You are significantly more attuned to the shadows.


Message History

You closely miss Natasha. Natasha closely misses you.
Natasha wildly gestures.
You feel disoriented. Natasha claws you but does no damage.
You barely miss Natasha. Natasha claws you. x2
You closely miss Natasha. Natasha casts a spell at you.
The magic dart hits you! Natasha claws you.
You closely miss Natasha.
Natasha casts a spell.
Natasha stares at you and mumbles some strange words.
The magic dart hits you!
You hit Natasha but do no damage. You hit the shadow imp.
Natasha barely misses you. The shadow imp gestures at you.
Pain shoots through your body!
* * * LOW HITPOINT WARNING * * *
Natasha casts a spell at you. The magic dart hits you!
You die...

#...####+##
#####.........#
#.............#
#.....#.......#
#.....#.......#
#.....#.......#
#######.....<.#
#######.......#
........5@h...############
#####.....................
#)......####.##########.##
#....>..'...............#
#.......###........####.#
#.......##....###.....#.#
#.......##....# #...#.#'##
#.......##....# ##..#.....
#.......##....# #..#.....


You could see Natasha and a shadow imp.

Vanquished Creatures
  Natasha (twice) (D:3)
  2 adders
  An ooze (D:2)
  2 worms (D:2)
  A dart slug (D:2)
  5 leopard geckos
  6 orcs (D:3)
  3 giant cockroaches
  8 goblins
  7 hobgoblins
  4 jackals (D:3)
  A quokka (D:2)
  4 ball pythons
  10 bats
  10 frilled lizards
  8 kobolds
  7 rats
81 creatures vanquished.

Notes
Turn   | Place    | Note
-------+----------+-------------------------------------------
     0 | D:1      | Aksej the Demonspawn Gladiator began the quest for the Orb.
     0 | D:1      | Reached XP level 1. HP: 16/16 MP: 1/1
     6 | D:1      | Noticed a wyvern
     6 | D:1      | Noticed a worker ant
     6 | D:1      | Noticed a hound
     6 | D:1      | Noticed a black bear
     6 | D:1      | Noticed a komodo dragon
   195 | D:1      | Reached skill level 3 in Axes
   278 | D:1      | Gained mutation: You are slightly more attuned to the shadows. [demonic ancestry]
   278 | D:1      | Reached XP level 2. HP: 4/22 MP: 2/2
   826 | D:2      | Gained mutation: You are significantly more attuned to the shadows. [demonic ancestry]
   826 | D:2      | Reached XP level 3. HP: 27/27 MP: 3/3
  1147 | D:2      | Reached skill level 4 in Axes
  1147 | D:2      | Gained mutation: You have sharp fingernails. [demonic ancestry]
  1147 | D:2      | Reached XP level 4. HP: 20/33 MP: 4/4
  1532 | D:3      | Found a faded altar of an unknown god.
  1730 | D:3      | Noticed Natasha
  1736 | D:3      | Killed Natasha
  1736 | D:3      | Reached skill level 1 in Armour
  1909 | D:3      | Found a basalt altar of Yredelemnul.
  2280 | D:3      | Reached XP level 5. HP: 39/39 MP: 5/5
  2300 | D:3      | Noticed Natasha
  2307 | D:3      | Killed Natasha
  2315 | D:3      | Noticed Natasha
  2321 | D:3      | Killed from afar by Natasha

Skill      XL: |  1  2  3  4 |
---------------+-------------+-----
Axes           | 3 4 |  4.7
Dodging        | 3 |  3.1
Armour         | 1 |  1.1
Fighting       | |  2.3
Throwing       | |  1.8

Action                   |  1- 3 |  4- 6 || total
-------------------------+-------+-------++-------
Melee: War axe           |   136 |    84 ||   220
  Use: Scroll            |     6 |     1 ||     7
       Potion            |     1 |     2 ||     3
 Stab: Sleeping          |     6 |     3 ||     9
  Eat: Chunk             |     1 |     4 ||     5
Armor: Ring mail         |    46 |    26 ||    72
       Leather armour    |     2 |       ||     2
       Chain mail        |       |    14 ||    14
Dodge: Dodged            |   116 |    60 ||   176
